 Dungeon Crawl Stone Soup version 0.31.0-32-g396128a36d (webtiles) character file.

Game seed: 3699219648439194234

12864 H0rd4k the Black Belt (level 12, -1/79 HPs)
             Began as an Octopode Artificer on Apr 18, 2024.
             Was an Initiate of Gozag.
             Slain by a fire elemental (5 damage)
             ... summoned by a deep elf pyromancer
             ... on level 1 of the Orcish Mines on Apr 19, 2024.
             The game lasted 00:17:16 (9001 turns).

H0rd4k the Black Belt (Octopode Artificer)          Turns: 9001, Time: 00:17:16

Health: -1/79      AC:  5    Str: 11    XL:     12   Next: 0%
Magic:  13/13      EV: 23    Int: 18    God:    Gozag
Gold:   1005       SH:  0    Dex: 13    Spells: 13/13 levels left

rFire   + .          .
                       - Unarmed
rCold   x . .        (no shield)
rNeg    . . .        (helmet restricted)
rPois   +            k - amulet of regeneration
rElec   .            t - ring "Vobehesen" {rPois Will+ SInv}
rCorr   .            v - +5 ring of evasion
SInv    +            G - ring of fire
Will    +....        O - +5 ring of evasion
Stlth   +++          a - +4 ring of protection
HPRegen 1.13/turn    (no ring)
MPRegen 0.13/turn    (no ring)
                     (no ring)

%: no passive effects
@: slowed, very slow
A: almost no armour, amphibious, 8 rings, camouflage 1, gelatinous body 1,
(nimble swimmer 1), tentacles
a: Renounce Religion, Potion Petition, Call Merchant, Bribe Branch


You were on level 1 of the Orcish Mines.
You worshipped Gozag.
Gozag was most pleased with you.
You visited 4 branches of the dungeon, and saw 13 of its levels.
You also visited: Ossuary.

You collected 1659 gold pieces.
You spent 51 gold pieces at shops.
You paid 603 gold pieces to Gozag.

Inventory:

Hand Weapons
 s - a +4 sling
Missiles
 h - 27 poisoned darts
 N - 4 throwing nets
 P - 6 curare-tipped darts
Magical Staves
 J - a staff of cold
Jewellery
 a - a +4 ring of protection (on tentacle)
 k - an amulet of regeneration (around mantle)
 t - the ring "Vobehesen" (left tentacle) {rPois Will+ SInv}
   (You found it on level 4 of the Dungeon)

   [ring of see invisible]

   rPois:     It protects you from poison Will+: It increases your willpower.
   SInv:      It lets you see invisible.
 v - a +5 ring of evasion (right tentacle)
 G - a ring of fire (on tentacle)
 I - an amulet of reflection
 O - a +5 ring of evasion (on tentacle)
Talismans
 H - a serpent talisman
 K - a blade talisman
Wands
 b - a wand of flame (13) (quivered)
 c - a wand of charming (1)
 d - a wand of mindburst (13)
 x - a wand of paralysis (21)
 M - a wand of light (12)
Scrolls
 e - 2 scrolls of noise
 g - 2 scrolls of torment
 i - 2 scrolls of enchant armour
 p - 2 scrolls of silence
 w - a scroll of fear
 y - 4 scrolls of blinking
 z - a scroll of teleportation
 E - 2 scrolls of revelation
 F - 2 scrolls of summoning
 L - a scroll of brand weapon
Potions
 f - 7 potions of curing
 j - a potion of attraction {unknown}
 l - 3 potions of brilliance {unknown}
 m - 3 potions of invisibility {unknown}
 n - 3 potions of lignification {unknown}
 o - 4 potions of cancellation {unknown}
 q - 3 potions of mutation {unknown}
 r - 3 potions of degeneration {unknown}
 u - a potion of might {unknown}
 A - 5 potions of enlightenment {unknown}
 B - 3 potions of heal wounds {unknown}
 C - 5 potions of haste {unknown}
 D - 2 potions of berserk rage {unknown}
 Q - 3 potions of magic {unknown}
 R - a potion of experience {unknown}


   Skills:
 - Level 6.1 Fighting
 - Level 0.8(1.0) Short Blades
 - Level 0.6(1.0) Long Blades
 + Level 1.2 Ranged Weapons
 - Level 2.3 Dodging
 - Level 1.3 Stealth
 - Level 15.5 Unarmed Combat
 + Level 1.0 Spellcasting
 - Level 0.5 Conjurations
 - Level 0.5 Hexes
 - Level 0.7 Summonings
 - Level 1.3 Necromancy
 - Level 0.3 Translocations
 - Level 1.0 Fire Magic
 - Level 0.3 Air Magic
 - Level 0.3 Earth Magic
 - Level 0.9 Alchemy
 + Level 0.7 Invocations
 - Level 3.2 Evocations
 * Level 6.4 Shapeshifting


You had 13 spell levels left.
You didn't know any spells.
Your spell library contained the following spells:

 Spells                   Type           Power      Damage    Failure   Level
 Sublimation of Blood     Necr           5%         N/A       17%         2
 Ensorcelled Hibernation  Hex/Ice        2%         N/A       26%         2
 Fugue of the Fallen      Necr           5%         N/A       34%         3
 Dazzling Flash           Conj/Hex       4%         N/A       43%         3
 Mephitic Cloud           Conj/Alch/Air  3%         N/A       43%         3
 Stone Arrow              Conj/Erth      4%         3d7       45%         3
 Anguish                  Hex/Necr       2%         N/A       80%         4
 Petrify                  Alch/Erth      3%         N/A       83%         4
 Curse of Agony           Necr           5%         N/A       97%         5
 Irradiate                Conj/Alch      1%         3d12      99%         5
 Silence                  Hex/Air        1%         N/A       99%         5
 Bombard                  Conj/Erth      1%         9d1       100%        6
 Lehudib's Crystal Spear  Conj/Erth      1%         10d2      100%        8
 Animate Armour           Summ/Erth      Unusable   N/A       N/A         4

Dungeon Overview and Level Annotations

Branches:
Dungeon (10/15)            Temple (1/1) D:6            Lair (1/5) D:9
    Orc (1/2) D:10        Ossuary (visited)

Altars:
Ashenzari
Cheibriados
Dithmenos
Elyvilon
Fedhas
Gozag
Hepliaklqana
Kikubaaqudgha
Makhleb
Nemelex Xobeh
Okawaru
Qazlal
Ru
Sif Muna
Trog
Uskayaw
Vehumet
Wu Jian
Xom
Yredelemnul
Zin
The Shining One

Shops:
D:9 *

Annotations:
D:1 1 exclusion
D:8 exclusion: 2 downstairs
D:9 3 runed translucent doors, exclusions: 3 doors and downstairs, AdnanSaban's ghost, journeyman GrFi
Orc:1 Josephine


Innate Abilities, Weirdness & Mutations

You cannot wear most types of armour.
You are amphibious.
You can wear up to eight rings at the same time.
Your skin changes colour to match your surroundings (Stealth+).
Your rubbery body absorbs attacks. (AC +1, EV +1)
((You are camouflaged when in or above water. (Stealth+)))
You have tentacles for arms and can constrict up to eight enemies at once.


Message History

You bludgeon the wraith! You tentacle-slap the wraith.
You destroy the wraith!
Your life force feels restored.
You have reached level 12!
As you read the scroll of teleportation, it crumbles to dust.
You feel strangely unstable. The wraith completely misses you.
The wraith hits you! The wraith drains your vigour!
You feel as though you will be slow longer.
The deep elf pyromancer gestures wildly while chanting.
The deep elf pyromancer blinks!
You barely miss the wraith.
Your tentacle-slap misses the wraith.
You squeeze the wraith.
The wraith is lightly damaged.
The wraith closely misses you. The wraith completely misses you.
You completely miss the wraith.
Your tentacle-slap misses the wraith.
Your squeeze misses the wraith.
The wraith is lightly damaged.
Your surroundings suddenly seem different. 2 deep elf pyromancers, 2 deep elf zephyrmancers and a warg come into view.
A deep elf pyromancer is wielding a +0 rapier and wearing a +0 leather armour of fire resistance.
Found an escape hatch in the floor.
The deep elf zephyrmancer shouts!
The deep elf pyromancer shouts!
The deep elf zephyrmancer casts a spell.
The deep elf zephyrmancer blinks!
The deep elf pyromancer mumbles some strange words.
The deep elf pyromancer casts a spell.
The deep elf pyromancer gestures at you while chanting.
The bolt of fire hits the fire elemental.
The fire elemental completely resists.
The bolt of fire hits you!! You resist.
The deep elf zephyrmancer moves out of view.
The warg howls!
The deep elf pyromancer gestures wildly while chanting.
The warg bites you.
* * * LOW HITPOINT WARNING * * *
The deep elf zephyrmancer casts a spell at you.
The bolt of lightning hits you!!
* * * LOW HITPOINT WARNING * * *
The fire elemental hits you. The fire elemental burns you! You resist.
You die...
Your body crumbles into a pile of gold.

##.#............
###...#..............#.
.##...##.............. .
..##.##..............#..
..#...................
..................#..
.##................#
####......<>......##
#.##..........eh@..##
...........○E..E....#
#...........e.○.........
#.#.......E..e.e........
..........○E............
#.....))...........##e##
.#....#)...#.......# ..#
..........###......# .#
...........###..$..#


You could see 3 deep elf pyromancers, 2 deep elf zephyrmancers, 4 fire
elementals and a warg.

Vanquished Creatures
  Erolcha (D:9)
  Erica (D:9)
  2 two-headed ogres (D:10)
  A deep elf zephyrmancer (Orc:1)
  A deep elf pyromancer (Orc:1)
  Maurice (D:7)
  2 komodo dragons
  An unseen horror (D:10)
  Psyche (D:8)
  2 trolls
  4 wraiths
  2 shadows (D:10)
  6 yaks
  2 wyverns
  Grum (D:8)
  A steam dragon (D:8)
  4 water moccasins
  2 black bears
  An ice beast (D:7)
  4 orc warriors
  A sky beast (D:6)
  2 wolves (D:8)
  3 centaurs
  6 kobold brigands
  6 bullfrogs
  A gnoll sergeant (D:8)
  3 scorpions
  12 wights
  3 killer bees
  4 howler monkeys
  A bombardier beetle (D:3)
  2 centaur zombies (Ossuary)
  2 hounds
  4 jellies
  A human zombie (Ossuary)
  3 orc priests
  2 gnoll boudas
  A sleepcap (D:4)
  2 iguanas
  7 orc wizards
  3 scorpion zombies (D:5)
  3 ogre zombies (Ossuary)
  7 mummies (Ossuary)
  A howler monkey skeleton (D:5)
  4 adders
  20 gnolls
  3 adder zombies (Ossuary)
  2 dart slugs
  25 orcs
  8 bats
  6 endoplasms
  6 giant cockroaches
  6 hobgoblins
  8 quokkas
  6 ball pythons
  2 frilled lizards
  2 gnoll zombies (Ossuary)
  5 goblins
  5 goblin zombies (Ossuary)
  3 hobgoblin zombies (Ossuary)
  32 kobolds
  4 kobold zombies (Ossuary)
  2 quokka zombies (Ossuary)
  10 rats
  5 rat zombies (Ossuary)
284 creatures vanquished.

Vanquished Creatures (collateral kills)
  Harold (D:9)
  A sky beast (D:7)
  A kobold brigand (D:9)
  A howler monkey (D:8)
  A gnoll (D:8)
  An orc (D:7)
  A kobold (D:9)
7 creatures vanquished.

Vanquished Creatures (others)
  A wyvern (D:9)
  A yak (D:9)
  2 water moccasins (D:9)
  2 black bears (D:9)
  A gnoll (D:8)
  A kobold (D:9)
8 creatures vanquished.

Grand Total: 299 creatures vanquished

Notes
Turn   | Place    | Note
-------+----------+-------------------------------------------
     0 | D:1      | H0rd4k the Octopode Artificer began the quest for the Orb.
     0 | D:1      | Reached XP level 1. HP: 13/13 MP: 1/1
    68 | D:1      | Reached skill level 1 in Unarmed Combat
    73 | D:1      | Reached XP level 2. HP: 18/18 MP: 2/2
   279 | D:1      | Reached skill level 2 in Unarmed Combat
   374 | D:1      | Reached XP level 3. HP: 23/23 MP: 3/3
   954 | D:2      | Got the Treatise on the Fuming Crater
  1021 | D:2      | Reached skill level 3 in Unarmed Combat
  1058 | D:2      | Reached XP level 4. HP: 29/29 MP: 4/4
  1316 | D:3      | Reached skill level 4 in Unarmed Combat
  1316 | D:3      | Reached XP level 5. HP: 34/34 MP: 5/5
  1325 | D:3      | Found a faded altar of an unknown god.
  1463 | D:3      | Found a broken altar of Ashenzari.
  1773 | D:3      | Reached skill level 5 in Unarmed Combat
  1773 | D:3      | Reached XP level 6. HP: 22/41 MP: 6/6
  2312 | D:4      | Found a stormy altar of Qazlal.
  2436 | D:4      | Identified the ring "Vobehesen" {rPois Will+ SInv}
  3191 | D:5      | Entered Level 5 of the Dungeon
  3295 | D:5      | Found a sand-covered staircase.
  3302 | Ossuary  | Entered an ossuary
  3406 | Ossuary  | Reached skill level 6 in Unarmed Combat
  3480 | Ossuary  | Reached XP level 7. HP: 33/45 MP: 7/7
  3808 | D:5      | Reached skill level 7 in Unarmed Combat
  4213 | D:6      | Found a staircase to the Ecumenical Temple.
  4230 | Temple   | Found a transporter.
  4230 | Temple   | Found a transporter.
  4230 | Temple   | Found a transporter.
  4230 | Temple   | Found a transporter.
  4230 | Temple   | Entered the Ecumenical Temple
  4247 | Temple   | Became a worshipper of Gozag Ym Sagoz the Greedy
  4346 | D:6      | Reached skill level 8 in Unarmed Combat
  4347 | D:6      | Reached XP level 8. HP: 49/52 MP: 8/8
  4394 | D:6      | Found a bloodstained altar of Trog.
  4533 | D:6      | Reached skill level 9 in Unarmed Combat
  4795 | D:7      | Noticed Maurice
  4817 | D:7      | Killed Maurice
  4818 | D:7      | Reached skill level 10 in Unarmed Combat
  4818 | D:7      | Reached XP level 9. HP: 54/58 MP: 9/9
  5267 | D:7      | Reached skill level 11 in Unarmed Combat
  5996 | D:8      | Reached skill level 12 in Unarmed Combat
  5997 | D:8      | Noticed Grum
  6162 | D:8      | Killed Grum
  6257 | D:8      | Found a shimmering blue altar of Sif Muna.
  6338 | D:8      | Noticed Psyche
  6342 | D:8      | Killed Psyche
  6343 | D:8      | Reached skill level 13 in Unarmed Combat
  6343 | D:8      | Reached XP level 10. HP: 53/65 MP: 10/10
  6581 | D:8      | Reached skill level 5 in Fighting
  7181 | D:9      | Noticed Erolcha
  7189 | D:9      | Noticed Harold
  7232 | D:9      | Reached skill level 14 in Unarmed Combat
  7236 | D:9      | Killed Harold
  7394 | D:9      | Killed Erolcha
  7395 | D:9      | Reached skill level 15 in Unarmed Combat
  7395 | D:9      | Reached XP level 11. HP: 56/72 MP: 11/11
  7546 | D:9      | Found a staircase to the Lair.
  7601 | D:9      | Found a runed translucent gate.
  7601 | D:9      | Noticed AdnanSaban's ghost (journeyman GrFi)
  7707 | D:9      | Reached skill level 1 in Shapeshifting
  7847 | D:9      | Found a sacrificial altar of Ru.
  7860 | D:9      | Noticed Erica
  7872 | D:9      | Killed Erica
  7962 | D:9      | Found a runed translucent gate.
  7963 | D:9      | Found a runed translucent gate.
  8143 | D:9      | Bought a potion of curing for 51 gold pieces
  8154 | D:10     | Entered Level 10 of the Dungeon
  8189 | D:10     | Noticed a two-headed ogre
  8205 | D:10     | Killed a two-headed ogre
  8420 | D:10     | Noticed a two-headed ogre
  8431 | D:10     | Killed a two-headed ogre
  8432 | D:10     | Reached skill level 1 in Ranged Weapons
  8456 | D:10     | Found a staircase to the Orcish Mines.
  8785 | Lair:1   | Entered Level 1 of the Lair of Beasts
  8802 | Lair:1   | Noticed a death yak
  8802 | Lair:1   | Noticed a death yak
  8806 | Lair:1   | Noticed a death yak
  8809 | Lair:1   | Reached skill level 5 in Shapeshifting
  8814 | Lair:1   | Noticed a death yak
  8814 | Lair:1   | Noticed a death yak
  8815 | Lair:1   | Reached skill level 1 in Fire Magic
  8817 | Lair:1   | Reached skill level 1 in Necromancy
  8879 | Orc:1    | Entered Level 1 of the Orcish Mines
  8947 | Orc:1    | Noticed a deep elf pyromancer
  8967 | Orc:1    | Killed a deep elf pyromancer
  8972 | Orc:1    | Noticed a deep elf zephyrmancer
  8985 | Orc:1    | Noticed Josephine
  8988 | Orc:1    | Killed a deep elf zephyrmancer
  8989 | Orc:1    | Reached skill level 1 in Spellcasting
  8996 | Orc:1    | Noticed a deep elf pyromancer
  8998 | Orc:1    | Reached XP level 12. HP: 52/79 MP: 13/13
  9001 | Orc:1    | Slain by a fire elemental

Illustrated notes

Levels and vault maps discovered:
D:1:      dpeg_arrival_solitude, layout_loops_ring, minmay_surrounded
D:2:      layout_basic
D:3:      layout_basic, nicolae_ashenzari_skybound, serial_forest,
          infiniplex_forest_lined_room_2, infiniplex_forest_end_2,
          infiniplex_forest_lined_corner, infiniplex_forest_lined_2,
          infiniplex_forest_end_3, infiniplex_forest_lined_room_2,
          infiniplex_forest_lined_1, infiniplex_forest_lined_2,
          ebering_ecumenical_altar_mist
D:4:      layout_layer_cave, grunt_qazlal_sundering
D:5:      layout_rooms, mainiacjoe_ossuary_entry_find_the_door
D:6:      layout_rooms, trog_three_pillars_becter,
          minmay_temple_entry_stoned_glass, kennysheep_generic_room_9
D:7:      layout_cave_pods, lemuel_flamethrower_2, uniq_maurice
D:8:      layout_basic, nicolae_sif_muna_condensation, serial_co_window_serial,
          co_window_paths_a, co_window_corner_a, co_window_paths_b,
          co_window_paths_a, co_window_corner_a, co_window_corner_a,
          co_window_corner_a, co_window_broadway_c, co_window_broadway_c,
          co_window_of_opportunity_b, glass_columns_a, glass_columns_b,
          glass_columns_a, uniq_grum, uniq_psyche
D:9:      layout_rooms, nicolae_ru_awakened_eye, due_lair_maze_entry_diamond,
          biasface_ghost_orc_armoury, uniq_erica, uniq_erolcha, uniq_harold
D:10:     layout_rooms, david_orc_2
Temple:   hellmonk_temple_divided_pantheon
Lair:1:   layout_roguey, serial_bayou_pond_b, minmay_holes, hibernation_bobbens,
          uniq_nergalle
Orc:1:    layout_caves, basic_altar, elves_outpost_lemuel, uniq_josephine,
          uniq_sonja

Skill      XL: |  1  2  3  4  5  6  7  8  9 10 11 |
---------------+----------------------------------+-----
Unarmed Combat | 1 2 3 4 5 6 8 10 13 15 | 15.5
Fighting       | 2 3 4 5 6 |  6.1
Shapeshifting  | 6 |  6.4
Ranged Weapons | 1 |  1.2
Fire Magic     | 1 |  1.0
Necromancy     | 1 |  1.3
Spellcasting   | 1 |  1.0
Short Blades   | |  0.8
Long Blades    | |  0.6
Dodging        | |  2.3
Stealth        | |  1.3
Conjurations   | |  0.5
Hexes          | |  0.5
Summonings     | |  0.7
Translocations | |  0.3
Air Magic      | |  0.3
Earth Magic    | |  0.3
Alchemy        | |  0.9
Invocations    | |  0.7
Evocations     | |  3.2

Action                     |  1- 3 |  4- 6 |  7- 9 | 10-12 || total
---------------------------+-------+-------+-------+-------++-------
  Melee: Unarmed           |    87 |   305 |   265 |   308 ||   965
         Constrict         |    28 |    30 |    56 |    53 ||   167
         Tentacles         |    23 |   108 |    67 |    76 ||   274
         Punch             |       |    27 |    19 |    41 ||    87
 Invoke: Call Merchant     |       |       |       |     1 ||     1
  Evoke: Wand              |       |     5 |    36 |    32 ||    73
    Use: Scroll            |       |       |       |    13 ||    13
   Stab: Sleeping          |    12 |    11 |    17 |     1 ||    41
         Paralysed         |       |       |     2 |     9 ||    11
         Distracted        |       |       |       |     1 ||     1
         Invisible         |       |       |       |     1 ||     1
 Armour: Skin              |    42 |    33 |   102 |   111 ||   288
  Dodge: Dodged            |    55 |    57 |   204 |   223 ||   539
